 Dungeon Crawl Stone Soup version 0.26.1 (webtiles) character file.

Game seed: 10866794687467289282

3946 Jynx the Basher (level 10, -14/94 HPs)
             Began as a Minotaur Fighter on Feb 7, 2021.
             Demolished by a komodo dragon (19 damage)
             ... on level 8 of the Dungeon.
             The game lasted 00:12:41 (9469 turns).

Jynx the Basher (Minotaur Fighter)                  Turns: 9469, Time: 00:12:41

Health: -14/94     AC: 10    Str: 21    XL:     10   Next: 2%
Magic:  9/9        EV:  7    Int:  5    God:
Gold:   468        SH:  0    Dex: 13    Spells: 9/9 levels left

rFire    . . .     SeeInvis .   a - +0 flail
rCold    . . .     Faith    .   (no shield)
rNeg     . . .     Spirit   .   E - +0 chain mail
rPois    .         Reflect  .   (helmet restricted)
rElec    .         Harm     .   p - +0 cloak
rCorr    .         Rampage  .   (no gloves)
Will     .....                  (no boots)
Stlth    ..........             (no amulet)
HPRegen  0.25/turn              (no ring)
MPRegen  0.11/turn              (no ring)

@: no status effects
A: retaliatory headbutt, horns 2
a: no special abilities


You were on level 8 of the Dungeon.
You visited 2 branches of the dungeon, and saw 9 of its levels.
You also visited: Sewer.

You collected 468 gold pieces.

Inventory:

Hand Weapons
 a - a +0 flail (weapon)
Armour
 b - a +0 scale mail
 l - a scarf of resistance
 p - a +0 cloak (worn)
 E - a +0 chain mail (worn)
 F - a +0 tower shield
Jewellery
 A - an uncursed ring of protection from fire {unknown}
 G - an uncursed amulet of regeneration {unknown}
Wands
 c - a wand of acid (8)
 k - a wand of random effects (36)
 w - a wand of flame (22)
 x - a wand of polymorph (5)
 y - a wand of digging (2)
Scrolls
 e - 2 scrolls of immolation {unknown}
 h - 6 scrolls of remove curse {unknown}
 i - a scroll of fear {unknown}
 m - 6 scrolls of magic mapping {unknown}
 n - a scroll of fog {unknown}
 o - 3 scrolls of random uselessness {unknown}
 r - a scroll of amnesia {unknown}
 s - a scroll of teleportation {unknown}
 u - 3 scrolls of blinking {unknown}
 v - a scroll of torment {unknown}
 D - a scroll of enchant armour {unknown}
Potions
 d - a potion of invisibility
 f - a potion of mutation
 g - a potion of heal wounds
 j - 2 potions of lignification
 q - a potion of brilliance
 t - 2 potions of attraction
 z - 2 potions of curing
 B - 2 potions of haste {unknown}
 C - a potion of cancellation {unknown}
 H - a potion of might


   Skills:
 + Level 10.5 Fighting
 * Level 13.7 Maces & Flails
 - Level 3.6 Armour
 - Level 3.6 Shields


You had 9 spell levels left.
You didn't know any spells.
Your spell library contained the following spells:

 Spells                   Type           Power        Failure   Level
 Corona                   Hex            0%           99%         1
 Slow                     Hex            0%           100%        2
 Inner Flame              Hex/Fire       0%           100%        3
 Portal Projectile        Hex/Tloc       0%           100%        3
 Cause Fear               Hex            0%           100%        4
 Leda's Liquefaction      Hex/Erth       0%           100%        4


Dungeon Overview and Level Annotations

Branches:
Dungeon (8/15)             Temple (1/1) D:5           Sewer (visited)
   Lair: D:8-11

Altars:
Ashenzari
Cheibriados
Dithmenos
Elyvilon
Fedhas
Gozag
Hepliaklqana
Kikubaaqudgha
Makhleb
Nemelex Xobeh
Qazlal
Ru
Sif Muna
Trog
Uskayaw
Vehumet
Wu Jian
Xom
Yredelemnul
Zin
The Shining One

Shops:
D:6 *

Annotations:
D:4 3 runed translucent doors, grovkorv's ghost, amateur SpAK


Innate Abilities, Weirdness & Mutations

You reflexively headbutt those who attack you in melee.
You have a pair of horns on your head.


Message History

* * * LOW HITPOINT WARNING * * *
You hit the komodo dragon but do no damage.
The komodo dragon is heavily wounded.
You thump the komodo dragon!
The komodo dragon is almost dead.
The komodo dragon completely misses you.
You hit the komodo dragon but do no damage.
You headbutt the komodo dragon, but do no damage.
The komodo dragon is almost dead.
The komodo dragon completely misses you.
Your chain mail prevents you from hitting the komodo dragon.
The komodo dragon is almost dead.
You hit the komodo dragon.
The komodo dragon is almost dead.
The komodo dragon bites you!
* * * LOW HITPOINT WARNING * * *
You barely miss the komodo dragon.
The komodo dragon is almost dead.
The komodo dragon bites you!!
You die...

^#........#
.#........###
.#..........#
.#####......# . .#
#......# .. †#
#†.....#########...
.#####(†................
.....(..)...............
................@l......
.......###..............
.......# #..............
.......# #..............
.......# #..............
.......# ############...
.......# ... .......# ..
########


You could see a komodo dragon.

Vanquished Creatures
  Harold (D:7)
  Duvessa (D:5)
  2 sky beasts (D:5)
  5 ice beasts
  A black bear (D:8)
  A necrophage (D:7)
  2 ogres (D:4)
  2 big kobolds (D:8)
  3 bullfrogs
  Dowan (D:5)
  4 scorpions
  3 killer bees (D:8)
  5 howler monkeys
  3 wights (D:6)
  A bullfrog zombie (D:7)
  A quasit (D:5)
  A jelly (D:6)
  5 orc priests
  A hound (D:3)
  4 orc wizards
  A bullfrog skeleton (D:5)
  2 iguanas
  7 worker ants
  A hound zombie (D:5)
  2 hound skeletons
  15 gnolls
  10 adders
  A river rat (D:5)
  A shadow imp (D:5)
  3 white imps
  2 ufetubi
  8 oozes
  3 dart slugs
  5 worms
  16 leopard geckos
  22 orcs
  A bat (D:1)
  16 giant cockroaches
  2 goblins
  4 hobgoblins
  4 jackals (D:4)
  6 kobolds
  12 ball pythons (Sewer)
  12 frilled lizards
  A leopard gecko skeleton (D:4)
  2 quokka skeletons
  2 rats
208 creatures vanquished.

Notes
Turn   | Place    | Note
-------+----------+-------------------------------------------
     0 | D:1      | Jynx the Minotaur Fighter began the quest for the Orb.
     0 | D:1      | Reached XP level 1. HP: 19/19 MP: 0/0
   331 | D:1      | Reached skill level 3 in Maces & Flails
   434 | D:1      | Reached XP level 2. HP: 27/27 MP: 1/1
   684 | D:2      | Found a glowing silver altar of Zin.
  1142 | D:2      | Reached XP level 3. HP: 28/33 MP: 2/2
  1310 | D:2      | Reached skill level 4 in Maces & Flails
  1700 | D:3      | Found a shimmering blue altar of Sif Muna.
  1723 | D:3      | Reached XP level 4. HP: 16/41 MP: 3/3
  1744 | D:3      | Reached skill level 5 in Maces & Flails
  1745 | D:3      | Reached XP level 5. HP: 3/47 MP: 4/4
  1746 | D:3      | HP: 1/47 [orc/+0 flail (3)]
  1929 | D:3      | Reached skill level 5 in Fighting
  2090 | D:3      | Reached skill level 6 in Maces & Flails
  2730 | D:3      | Reached XP level 6. HP: 56/56 MP: 5/5
  3017 | D:4      | Found a shadowy altar of Dithmenos.
  3048 | D:4      | Reached skill level 7 in Maces & Flails
  3324 | D:4      | Found a burning altar of Makhleb.
  3349 | D:4      | HP: 2/57 [ogre/+0 giant club (25)]
  3355 | D:4      | Reached XP level 7. HP: 28/64 MP: 6/6
  3365 | D:4      | Reached skill level 8 in Maces & Flails
  3853 | D:4      | Found a sparkling altar of Nemelex Xobeh.
  4096 | D:4      | Found a runed translucent gate.
  4096 | D:4      | Found a runed translucent gate.
  4096 | D:4      | Found a runed translucent gate.
  4096 | D:4      | Noticed grovkorv's ghost (amateur SpAK)
  4156 | D:5      | Entered Level 5 of the Dungeon
  4365 | D:5      | Reached skill level 9 in Maces & Flails
  4383 | D:5      | Found a basalt altar of Yredelemnul.
  4582 | D:5      | Found a glowing drain.
  4589 | Sewer    | Entered a sewer
  4719 | Sewer    | Reached XP level 8. HP: 73/73 MP: 7/7
  5273 | D:5      | Reached skill level 10 in Maces & Flails
  5837 | D:5      | Found a staircase to the Ecumenical Temple.
  5847 | Temple   | Entered the Ecumenical Temple
  6292 | D:5      | Noticed Dowan
  6293 | D:5      | Noticed Duvessa
  6327 | D:5      | Killed Duvessa
  6328 | D:5      | Reached skill level 11 in Maces & Flails
  6334 | D:5      | Killed Dowan
  6508 | D:5      | Found a glowing golden altar of the Shining One.
  6637 | D:6      | Reached XP level 9. HP: 54/76 MP: 8/8
  6881 | D:6      | Found Muyre's Assorted Antiques.
  7835 | D:7      | Reached skill level 12 in Maces & Flails
  8062 | D:7      | Noticed Harold
  8086 | D:7      | Killed Harold
  8087 | D:7      | Reached skill level 10 in Fighting
  8087 | D:7      | Reached skill level 13 in Maces & Flails
  8512 | D:7      | Found a hazy altar of Hepliaklqana.
  9373 | D:8      | Reached XP level 10. HP: 78/94 MP: 9/9
  9469 | D:8      | Demolished by a komodo dragon

Illustrated notes

Levels and vault maps discovered:
D:1:      mrwooster_arrival_statue_2, layout_rooms
D:2:      layout_basic, general_overflow_altar, moated_statue
D:3:      layout_rooms, overflow_temple_1_default, serial_corexii_hall,
          chequers_hall_statues_wall_a, corexii_hall_statues_x,
          corexii_hall_statues_x, corexii_hall_statues_deadend
D:4:      layout_cave_pools, bloody_makhleb, kennysheep_little_box,
          gammafunk_ghost_necromancy, nicolae_dithmenos_shadow_blocks
D:5:      layout_rooms, tso_altar, nicolae_overflow_crystal_walls,
          minmay_temple_entry_hall, lightli_sewer_entry_pipes, zaba_anthole,
          uniq_duvessa
D:6:      layout_gridville, serial_shops, shop
D:7:      layout_basic, nzn_hepliaklqana_mist_gate, solitary_fountain,
          uniq_harold
D:8:      layout_basic, marbit_many_paths
Temple:   oiseaux_autumnal_temple

Skill      XL: |  1  2  3  4  5  6  7  8  9 |
---------------+----------------------------+-----
Maces & Flails | 3 4 5 6 7 9 11 13 | 13.7
Fighting       | 4 5 6 7 8 10 | 10.5
Armour         | |  3.6
Shields        | |  3.6

Action                   |  1- 3 |  4- 6 |  7- 9 | 10-12 || total
-------------------------+-------+-------+-------+-------++-------
Melee: Flail             |    50 |   116 |   472 |    22 ||   660
       Headbutt          |     6 |    24 |    77 |     3 ||   110
  Use: Potion            |       |     3 |     2 |       ||     5
       Scroll            |       |       |     6 |       ||     6
 Stab: Distracted        |       |     1 |       |       ||     1
Armor: Scale mail        |    24 |    53 |   204 |       ||   281
       Chain mail        |       |       |    51 |     3 ||    54
Dodge: Dodged            |    28 |    72 |   177 |     5 ||   282
